 Dungeon Crawl Stone Soup version 0.13-a0-1614-gd69a504 (webtiles) character file.

236961 gump the Shatterer (level 19, -3/174 HPs)
             Began as a Minotaur Fighter on June 15, 2013.
             Was the Champion of Okawaru.
             Hit by a large rock thrown by a stone giant (31 damage)
             ... on Level 24 of the Dungeon.
             The game lasted 05:24:15 (47814 turns).

gump the Shatterer (Minotaur Fighter)              Turns: 47814, Time: 05:24:15

HP  -3/174       AC 30     Str 34      XL: 19   Next: 77%
MP   0/28        EV  7     Int  5      God: Okawaru [******]
Gold 4141        SH 50     Dex 10      Spells:  0 memorised, 18 levels left

Res.Fire  : + . .   See Invis. : .   K - +9,+6 whip of Fedhas' Favour {slay orc, +I Res.Cold : + + . Warding : . k - +2 orc plate armour {rPois} Life Prot.: . . . Conserve : + l - +2 large shield of the Griffon {Str+2}
Res.Poison: +       Res.Corr.  : .   j - -1 cap {Spirit}
Res.Elec. : .       Clarity    : .   M - +3 cloak of a bazaar {rF+}
Sust.Abil.: . .     Spirit.Shd : +   F - +2 pair of gauntlets {Str+3}
Res.Mut.  : .       Stasis     : .   A - +0 pair of boots {run}
Res.Rott. : .       Flight     : .   S - amulet of conservation
Saprovore : . . .                    (no ring)
                                     E - ring of protection from cold

@: very slightly contaminated, hasted, very quick, somewhat resistant to hostile
enchantments, extremely unstealthy
A: retaliatory headbutt, horns 2
a: Heroism, Finesse, Renounce Religion, Evoke Invisibility


You were on level 24 of the Dungeon.
You worshipped Okawaru.
Okawaru was exalted by your worship.
You were not hungry.

You visited 4 branches of the dungeon, and saw 37 of its levels.
You also visited: Sewer and Ice Cave.

You collected 4897 gold pieces.
You spent 776 gold pieces at shops.

Inventory:

Hand weapons
 r - the +8,+0 morningstar "Cruamah" {flame, rN+}
   (Okawaru gifted it to you on level 8 of the Lair of Beasts)

   It emits flame when wielded, causing extra injury to most foes and up to
   double damage against particularly susceptible opponents.
   It protects you from negative energy.
 K - the +9,+6 whip of Fedhas' Favour (weapon) {slay orc, +Inv rPois rC+}
   (You found it on level 20 of the Dungeon)

   It is especially effective against all of orcish descent.
   It protects you from cold.
   It protects you from poison.
   It lets you turn invisible.
 P - the +1,+1 flail of Untimely Demise {drain, rPois rF++ Dex+1}
   (Okawaru gifted it to you on level 24 of the Dungeon)

   A truly terrible weapon, it drains the life of those it strikes.
   It affects your dexterity (+1).
   It greatly protects you from fire.
   It protects you from poison.
 T - the +9,+4 great mace "Ogrebane" {vamp, Str+3 Dex+3 Stlth+}
   (Okawaru gifted it to you on level 7 of the Lair of Beasts)

   It inflicts no extra harm, but heals its wielder somewhat when it strikes a
   living foe.
   It affects your strength (+3).
   It affects your dexterity (+3).
   It makes you much more stealthy.
 W - the +2,+1 morningstar of the Present {crush, +Fly Int+3}
   (You took it off a yaktaur on level 24 of the Dungeon)

   It inflicts extra damage upon your enemies.
   It affects your intelligence (+3).
   It lets you fly.
Armour
 j - a -1 cap of spirit shield (worn)
 k - a +2 orcish plate armour of poison resistance (worn)
 l - the +2 large shield of the Griffon (worn) {Str+2}
   (You took it off Louise on level 15 of the Dungeon)

   It affects your strength (+2).
 A - a +0 pair of boots of running (worn)
 F - a +2 pair of gauntlets of strength (worn)
 M - the +3 cloak of a bazaar (worn) {rF+}
   (You acquired it on level 17 of the Dungeon)

   It protects you from fire.
Magical devices
 a - a wand of digging (10)
 c - a wand of digging (3)
 w - a wand of hasting (2)
 I - a wand of cold (3)
 R - a wand of lightning (3)
Comestibles
 d - 24 bread rations
 q - 4 meat rations
Scrolls
 f - 15 scrolls of remove curse
 g - 5 scrolls of fog
 h - a scroll of summoning
 i - 3 scrolls of enchant weapon I
 p - a scroll of blinking
 u - a scroll of enchant weapon II
 z - 8 scrolls of teleportation
 C - a scroll of enchant armour
 H - 5 scrolls of magic mapping
 N - 2 scrolls of recharging
 Q - a scroll of silence
 V - 5 scrolls of fear
Jewellery
 e - an uncursed ring of sustenance
 v - an uncursed ring of protection from magic
 y - an uncursed amulet of clarity
 D - an uncursed amulet of faith {unknown}
 E - a ring of protection from cold (left hand)
 G - an uncursed ring of flight
 J - an uncursed ring of protection from cold
 L - an uncursed ring of sustain abilities
 O - an uncursed amulet of warding {unknown}
 S - an amulet of conservation (around neck)
 X - a +2 ring of evasion {unknown}
 Y - a +4 ring of dexterity {unknown}
Potions
 b - 2 potions of speed
 m - a potion of agility
 n - 3 potions of might
 o - 5 potions of restore abilities
 s - 14 potions of curing
 t - a potion of heal wounds
 x - 2 potions of berserk rage
 B - 5 potions of flight
 U - a potion of invisibility
 Z - a potion of resistance {unknown}


   Skills:
 - Level 17.8 Fighting
 - Level 25.7 Maces & Flails
 + Level 19.6 Armour
 - Level 18.0 Shields
 - Level 11.0 Invocations


You had 18 spell levels left.
You didn't know any spells.

Dungeon Overview and Level Annotations

Branches:
Dungeon (24/27)            Temple (1/1) D:6             Orc (4/4) D:10
    Elf (0/3) Orc:3          Lair (8/8) D:9           Swamp (0/5) Lair:5
 Spider (0/5) Lair:5        Slime (0/6) Lair:6       Vaults (0/5) D:15

Altars:
Ashenzari
Cheibriados
Elyvilon
Fedhas
Kikubaaqudgha
Makhleb
Nemelex Xobeh
Okawaru
Sif Muna
Trog
Vehumet
Xom
Yredelemnul
Zin
the Shining One
Beogh

Shops:
D:10: + D:12: ? D:14: ? D:19: + Orc:1: % Orc:4: [((/

Portals:
Hell: D:21 D:22 D:23 D:24
Abyss: D:22
Pandemonium: D:21 D:24
Trove: D:12 (give 14 scrolls of teleportation)

Annotations
D:7 Menkaure
Lair:6 exclusion: 3 oklob plants


Innate Abilities, Weirdness & Mutations

You reflexively headbutt those who attack you in melee.
You have a pair of horns on your head.


Message History

As you read the scroll of blinking, it crumbles to dust.
You feel like a meek peon again.
Things that are here:
a crossbow; 11 bolts
There is an open door, spattered with blood here.
You see here a large rock.
Things that are here:
2 bolts; a bolt of flame; 2 poisoned bolts; 3 large rocks
There is an open door, spattered with blood here.
Items here: ( ))) [ an elven scimitar; an embroidered orcish robe; an uncursed orcish dagger an elven bow; 12 arrows of frost
There is an open door here.
Things that are here:
an arrow; a glowing elven scimitar You see here an arrow.
A stone giant comes into view.
The stone giant shouts!
The stone giant throws a large rock.
The large rock hits you!
You die...

#####..............#.......#.....
#(#(##.............#.......#.....
)))).##............#.......#.....
.)#(..##....)......#########.....
..#)(..#.........................
..D..))##...)..).................
..#..)D##.....)).................
..##.##(#........................
D.##+#..##...##.@................
.'##.....#..##...................
##.#....=####.......:.C..........
.##(....##.(...................
C##..).'##..8...#..............
..#...##)((....##..............
D.#..##.)##...##.(.............
C.##+#..(.#+###................ C
#....)...# #...........∩....


You could see a stone giant.

Vanquished Creatures
  Saint Roka (Orc:4)
  Boris (D:21)
  Mara (D:18)
  Margery (D:21)
  An illusory Mara (D:18)
  Nikola (D:14)
  A shadow dragon (D:24)
  3 sphinxes
  Agnes (D:15)
  A storm dragon (D:21)
  Roxanne (D:15)
  Frances (D:17)
  Aizul (D:17)
  Donald (Orc:3)
  3 frost giants
  Wiglaf (D:21)
  Louise (D:15)
  2 orc warlords (D:19)
  2 fire giants
  12 stone giants
  A spectral elf (D:19)
  A deep elf death mage (D:19)
  A spriggan defender (D:19)
  A deep elf sorcerer (D:22)
  21 yaktaur captains
  A dragon (D:17)
  10 hydras
  3 ettins (D:19)
  An ice dragon (Lair:8)
  A spectral yaktaur (D:19)
  Fannar (D:10)
  A storm dragon skeleton (D:22)
  Erica (D:15)
  Harold (Orc:3)
  Nessos (Orc:3)
  A ravenous feature mimic (Lair:8)
  A vampire mage (D:19)
  9 ogre magi
  A spriggan (D:19)
  A sphinx zombie (D:18)
  A shadow dragon skeleton (D:24)
  A jiangshi (D:19)
  13 death yaks
  4 deep trolls
  3 stone giant zombies
  14 centaur warriors
  Urug (D:12)
  4 catoblepae
  Nergalle (D:14)
  2 very ugly things (D:23)
  2 orc high priests
  5 hell knights
  7 unseen horrors
  2 sun demons
  An iron golem (D:17)
  6 stone giant skeletons
  2 fire giant skeletons
  5 skeletal warriors (D:17)
  A flayed ghost (D:21)
  2 naga warriors (D:19)
  6 deep elf knights
  16 hill giants
  A faun (shapeshifter) (D:20)
  A centaur zombie (D:19)
  3 ice statues (IceCv)
  2 giant amoebae
  6 necromancers
  A hydra zombie (D:13)
  A red wasp (shapeshifter) (D:24)
  18 orc knights
  A guardian serpent (D:19)
  6 orc sorcerers
  A red wasp (D:23)
  2 spiny worms
  8 griffons
  An oklob plant (Lair:8)
  7 cyclopes
  4 phantasmal warriors (D:19)
  A trapdoor spider zombie (D:15)
  3 wolf spiders
  Maurice (Orc:1)
  A griffon zombie (D:19)
  A fire giant simulacrum (D:19)
  A fire crab (D:24)
  A hydra skeleton (D:15)
  19 spectral orcs (D:14)
  40 slime creatures
  4 black mambas
  4 elephants
  An ettin skeleton (D:19)
  A feature mimic (D:12)
  14 spiny frogs
  A naga mage (D:19)
  2 mermaids (shapeshifter)
  Psyche (Orc:1)
  A hellwing (D:24)
  66 ugly things
  29 yaktaurs
  A hill giant zombie (D:9)
  3 hill giant skeletons
  A guardian mummy (D:19)
  2 polar bears (Lair:8)
  11 trolls
  2 human zombies (D:21)
  A queen bee (Lair:1)
  9 komodo dragons
  6 blue devils (IceCv)
  A troll (shapeshifter) (D:9)
  A two-headed ogre (shapeshifter) (D:23)
  A deep troll zombie (D:19)
  The ghost of TZer0 the Firebug, an average LOFE of Sif Muna (D:4)
  A giant firefly (D:19)
  2 blink frogs (shapeshifter)
  24 blink frogs
  3 jumping spiders
  A tarantella (D:24)
  4 basilisks
  9 two-headed ogres
  3 octopodes (D:19)
  An orc zombie (D:24)
  3 vampires
  A grizzly bear (shapeshifter) (D:22)
  7 wyverns
  A grizzly bear (Lair:4)
  4 wraiths
  8 hippogriffs
  Eustachio (Orc:2)
  33 yaks
  3 deep elf conjurers
  2 fire drakes
  Grum (D:9)
  19 vampire mosquitoes
  4 redbacks (D:24)
  4 shadows
  3 soldier ants
  3 hungry ghosts
  4 manticores
  Edmund (D:5)
  5 deep elf fighters
  16 war dogs
  3 rock worms
  3 mottled dragons
  4 freezing wraiths
  3 boulder beetles
  A yaktaur skeleton (D:17)
  2 sky beasts
  2 wyvern skeletons
  2 necrophages
  2 cyclops zombies (D:12)
  3 cyclops skeletons
  3 giant goldfish (D:12)
  20 ice beasts
  A yellow wasp (D:12)
  A hippogriff zombie (D:14)
  2 troll zombies
  A phantom (D:9)
  2 troll skeletons
  36 centaurs
  The ghost of TZer0 the Firebug, an average LOFE (D:3)
  49 orc warriors
  9 wargs
  3 boring beetles
  23 ogres
  9 crocodiles
  4 big kobolds
  14 giant slugs
  A brain worm (D:15)
  11 water moccasins
  17 giant frogs
  8 agate snails
  2 gnoll sergeants
  An octopode zombie (D:19)
  A two-headed ogre skeleton (D:12)
  4 humans (D:8)
  2 wights
  7 grizzly bear simulacra (IceCv)
  2 eyes of draining
  4 jellyfish
  2 electric eels (Lair:5)
  26 killer bees
  A boulder beetle simulacrum (D:19)
  A quasit (D:9)
  A big kobold skeleton (D:11)
  16 crimson imps
  2 goliath beetles (D:11)
  3 big fish
  45 orc priests
  13 hounds
  2 spiders (Lair:5)
  4 scorpions
  An orange rat (D:7)
  3 deep elf soldiers
  4 iguanas
  7 porcupines
  61 orc wizards
  3 worker ants
  16 sheep
  14 jellies
  6 boggarts
  2 mummies
  11 gnolls
  52 green rats
  6 giant centipedes
  25 adders
  8 giant mites
  5 worms
  26 grey rats
  A bat zombie (D:5)
  5 giant eyeballs
  8 giant geckos
  12 oozes
  255 orcs
  5 giant cockroaches
  26 goblins
  20 hobgoblins
  3 human simulacra (IceCv)
  53 kobolds
  10 quokkas
  8 ball pythons
  29 bats
  A giant gecko skeleton (D:6)
  13 giant newts
  4 giant spores
  10 jackals
  2 kobold skeletons
  27 rats
  2 rat zombies
  12 ballistomycetes
  4 fungi
  4 plants
1804 creatures vanquished.

Vanquished Creatures (others)
  A stone giant zombie (D:22)
  A ball lightning (D:22)
  A soldier ant (D:19)
  An orc warrior (D:22)
  A deep elf priest (D:22)
  An ice beast (IceCv)
  An ogre (D:23)
  3 centaurs (D:17)
  A boggart (D:19)
  5 orcs
  A hobgoblin (D:4)
  2 jackals (D:8)
  2 quokkas
  A goblin (Orc:2)
  2 kobolds (D:9)
  3 rats
  11 fungi
  A plant (Lair:8)
39 creatures vanquished.

Grand Total: 1843 creatures vanquished

Notes
Turn   | Place    | Note
--------------------------------------------------------------
     0 | D:1      | gump, the Minotaur Fighter, began the quest for the Orb.
     0 | D:1      | Reached XP level 1. HP: 19/19 MP: 0/0
   130 | D:1      | Reached XP level 2. HP: 26/26 MP: 0/0
   389 | D:1      | Reached skill level 4 in Fighting
   390 | D:1      | Reached XP level 3. HP: 31/33 MP: 1/1
   820 | D:2      | Found a deep blue altar of Sif Muna.
   893 | D:2      | Reached XP level 4. HP: 35/40 MP: 1/1
  1008 | D:3      | Found a shimmering altar of Xom.
  1038 | D:3      | Found a glowing silver altar of Zin.
  1069 | D:3      | Reached skill level 5 in Maces & Flails
  1108 | D:3      | Noticed TZer0's ghost (average LOFE)
  1119 | D:3      | Killed TZer0's ghost
  1119 | D:3      | Reached XP level 5. HP: 40/46 MP: 1/1
  1284 | D:3      | Reached skill level 6 in Maces & Flails
  1579 | D:3      | Found a sparkling altar of Nemelex Xobeh.
  1585 | D:3      | Reached skill level 5 in Fighting
  1758 | D:3      | Found a sparkling altar of Nemelex Xobeh.
  2014 | D:4      | Reached XP level 6. HP: 43/53 MP: 2/2
  2020 | D:4      | Found a glowing drain.
  2024 | Sewer    | Entered a sewer
  2247 | Sewer    | Reached skill level 7 in Maces & Flails
  2995 | D:4      | Noticed TZer0's ghost (average LOFE)
  3028 | D:4      | Killed TZer0's ghost
  3028 | D:4      | Reached skill level 8 in Maces & Flails
  3028 | D:4      | Reached XP level 7. HP: 33/61 MP: 2/2
  3200 | D:5      | Entered Level 5 of the Dungeon
  3265 | D:5      | Found a glowing silver altar of Zin.
  3307 | D:5      | Noticed Edmund
  3322 | D:5      | Killed Edmund
  4140 | D:5      | Found an ancient bone altar of Kikubaaqudgha.
  4216 | D:6      | Found a staircase to the Ecumenical Temple.
  4224 | Temple   | Entered the Ecumenical Temple
  4332 | D:6      | Reached skill level 9 in Maces & Flails
  4405 | D:6      | Found a glowing golden altar of the Shining One.
  4501 | D:6      | Reached XP level 8. HP: 44/69 MP: 2/2
  4948 | D:6      | Reached skill level 10 in Maces & Flails
  5519 | D:7      | Reached skill level 5 in Armour
  5609 | D:7      | Found a blossoming altar of Fedhas.
  5734 | D:7      | Reached XP level 9. HP: 49/78 MP: 3/3
  6097 | D:7      | Noticed Menkaure
  6708 | D:8      | Paralysed by a giant eyeball for 3 turns
  6867 | D:8      | Reached skill level 11 in Maces & Flails
  7959 | D:8      | Reached XP level 10. HP: 37/86 MP: 3/3
  8720 | D:9      | Found a shattered altar of Ashenzari.
  8745 | D:9      | Reached skill level 10 in Armour
  9064 | D:9      | Noticed Grum
  9086 | D:9      | Reached skill level 12 in Maces & Flails
  9103 | D:9      | Reached skill level 10 in Fighting
  9146 | D:9      | Killed Grum
  9303 | D:9      | Killed an unseen horror
  9721 | D:9      | Noticed a hill giant
  9731 | D:9      | Killed a hill giant
  9731 | D:9      | Reached XP level 11. HP: 64/95 MP: 3/3
 10076 | D:9      | Found a staircase to the Lair.
 10117 | D:9      | Found an iron altar of Okawaru.
 10126 | D:9      | Identified the Almanac of Heat and Protection
 10128 | D:9      | Became a worshipper of Warmaster Okawaru
 10351 | Lair:1   | Entered Level 1 of the Lair of Beasts
 10675 | Lair:1   | Reached skill level 13 in Maces & Flails
 10736 | Lair:1   | Acquired Okawaru's first power
 11327 | Lair:1   | Noticed a five-headed hydra
 11714 | D:9      | Killed a five-headed hydra
 12312 | Lair:1   | Reached skill level 14 in Armour
 13459 | Lair:2   | Reached skill level 5 in Shields
 13951 | Lair:2   | Reached XP level 12. HP: 39/106 MP: 4/4
 14331 | Lair:2   | Found a glowing golden altar of the Shining One.
 15182 | Lair:3   | Noticed a death yak
 15183 | Lair:3   | Noticed a death yak
 15205 | Lair:3   | Noticed a death yak
 15244 | Lair:2   | Killed a death yak
 15444 | Lair:3   | Acquired Okawaru's second power
 15601 | Lair:2   | Killed a death yak
 15612 | Lair:3   | Killed a death yak
 16355 | Lair:4   | Received a gift from Okawaru
 16355 | Lair:4   | Reached skill level 10 in Shields
 17269 | Lair:5   | Noticed a seven-headed hydra
 17276 | Lair:5   | Killed a seven-headed hydra
 17276 | Lair:5   | Reached skill level 15 in Maces & Flails
 17316 | Lair:5   | Found a frozen archway.
 17335 | IceCv    | Entered an ice cave
 18998 | IceCv    | Got a steaming scale mail
 19016 | IceCv    | Identified the +1 scale mail of Eternal Vigilance {+Inv rPois} (You found it in an ice cave)
 19623 | Lair:5   | Found a hole to the Spider Nest.
 19727 | Lair:5   | Reached XP level 13. HP: 73/117 MP: 4/4
 19906 | Lair:5   | Found a staircase to the Swamp.
 21526 | Lair:6   | Found a staircase to the Slime Pits.
 22012 | Lair:7   | Reached skill level 16 in Maces & Flails
 22072 | Lair:7   | Received a gift from Okawaru
 22083 | Lair:7   | Got a polished great mace {god gift}
 22405 | Lair:7   | Identified the great mace "Ogrebane" {god gift, vamp, Str+3 Dex+3 Stlth+} (Okawaru gifted it to you on level 7 of the Lair of Beasts)
 22536 | Lair:7   | Reached skill level 15 in Fighting
 22537 | Lair:7   | Noticed a four-headed hydra
 22650 | Lair:7   | Killed a four-headed hydra
 22789 | Lair:7   | Noticed a seven-headed hydra
 22808 | Lair:7   | Killed a seven-headed hydra
 23001 | Lair:8   | Entered Level 8 of the Lair of Beasts
 23144 | Lair:8   | Noticed a four-headed hydra
 23203 | Lair:8   | Killed a four-headed hydra
 23203 | Lair:8   | Reached skill level 17 in Maces & Flails
 23220 | Lair:8   | Received a gift from Okawaru
 23221 | Lair:8   | Got a crude morningstar {god gift}
 23222 | Lair:8   | Identified the morningstar "Cruamah" {god gift, flame, rN+} (Okawaru gifted it to you on level 8 of the Lair of Beasts)
 23591 | Lair:8   | Reached XP level 14. HP: 62/129 MP: 2/4
 23741 | Lair:8   | Received a gift from Okawaru
 24040 | Lair:8   | Reached skill level 15 in Shields
 24596 | Lair:8   | Got a faintly glowing short sword
 24597 | Lair:8   | Identified the short sword of Putrescence {freeze, +Blink} (You found it on level 8 of the Lair of Beasts)
 24602 | Lair:8   | Identified a +0 pair of boots of running (You found it on level 8 of the Lair of Beasts)
 24692 | Lair:8   | Noticed an eight-headed hydra
 24706 | Lair:8   | Killed an eight-headed hydra
 24790 | Lair:8   | Noticed an ice dragon
 24806 | Lair:8   | Killed an ice dragon
 25084 | D:10     | Entered Level 10 of the Dungeon
 25347 | D:10     | Noticed Fannar
 25357 | D:10     | Killed Fannar
 25400 | D:10     | Found a staircase to the Orcish Mines.
 25689 | D:10     | Found Buogin's Book Shop.
 25693 | D:10     | Reached skill level 18 in Maces & Flails
 26050 | Orc:1    | Entered Level 1 of the Orcish Mines
 26050 | Orc:1    | Noticed Maurice
 26183 | Orc:1    | Killed Maurice
 26198 | Orc:1    | Found Gut Amal's Food Boutique.
 26237 | Orc:1    | Found a glowing silver altar of Zin.
 26241 | Orc:1    | Bought a bread ration for 52 gold pieces
 26241 | Orc:1    | Bought a meat ration for 52 gold pieces
 26241 | Orc:1    | Bought a meat ration for 52 gold pieces
 26372 | Orc:2    | Noticed Eustachio
 26401 | Orc:2    | Killed Eustachio
 26617 | Orc:2    | Found a roughly hewn altar of Beogh.
 27108 | Orc:3    | Noticed Harold
 27301 | Orc:3    | Killed Harold
 27301 | Orc:3    | Received a gift from Okawaru
 27302 | Orc:3    | Got a jewelled sabre {god gift}
 27306 | Orc:3    | Identified the sabre "Buta Lac" {god gift, pain, Str+2 Dex+3} (Okawaru gifted it to you on level 3 of the Orcish Mines)
 27341 | Orc:3    | Found a staircase to the Elven Halls.
 27347 | Orc:3    | Noticed Donald
 27360 | Orc:3    | Killed Donald
 27481 | Orc:3    | Found a roughly hewn altar of Beogh.
 27556 | Orc:4    | Entered Level 4 of the Orcish Mines
 27727 | Orc:4    | Found a roughly hewn altar of Beogh.
 27828 | Orc:4    | Found a roughly hewn altar of Beogh.
 27828 | Orc:4    | Found Zellaesk's Weapon Shoppe.
 27957 | Orc:4    | Found a roughly hewn altar of Beogh.
 28106 | Orc:4    | Noticed Saint Roka
 28116 | Orc:4    | Found a roughly hewn altar of Beogh.
 28475 | Orc:4    | Found a roughly hewn altar of Beogh.
 28483 | Orc:4    | Found Luaseov's Magical Wand Shoppe.
 28696 | Orc:4    | Found Gept's Antique Armour Emporium.
 28696 | Orc:4    | Found a roughly hewn altar of Beogh.
 28858 | Orc:3    | Noticed Nessos
 28880 | Orc:4    | HP: 4/132 [Saint Roka/divine providence (16)]
 29360 | Orc:4    | Killed Saint Roka
 29360 | Orc:4    | Received a gift from Okawaru
 29720 | Orc:4    | Found a roughly hewn altar of Beogh.
 29850 | Orc:4    | Found Ghivygov's Antique Weapon Shoppe.
 29939 | Orc:4    | Found a roughly hewn altar of Beogh.
 30131 | Orc:3    | Killed Nessos
 30239 | Orc:3    | Reached XP level 15. HP: 115/140 MP: 5/5
 30644 | Orc:1    | Noticed Psyche
 30651 | Orc:1    | Killed Psyche
 31360 | D:12     | Noticed Urug
 31369 | D:12     | Killed Urug
 31573 | D:12     | Found Deeras' Magic Scroll Boutique.
 31617 | D:12     | Paralysed by a giant eyeball for 4 turns
 31683 | D:12     | Paralysed by a giant eyeball for 4 turns
 31719 | D:12     | Bought a scroll of blinking for 71 gold pieces
 31719 | D:12     | Bought a scroll of identify for 26 gold pieces
 31719 | D:12     | Bought a scroll of silence for 97 gold pieces
 31719 | D:12     | Bought a scroll of identify for 26 gold pieces
 31719 | D:12     | Bought a scroll of identify for 26 gold pieces
 31861 | D:12     | Reached skill level 1 in Invocations
 32386 | D:12     | Found a portal to a secret trove of treasure.
 32466 | D:13     | Got an iridescent trident
 32611 | D:13     | Reached skill level 5 in Invocations
 32646 | D:13     | Got a bloodstained dagger
 33276 | D:14     | Entered Level 14 of the Dungeon
 33340 | D:14     | Noticed Nikola
 33443 | D:14     | Killed Nikola
 33474 | D:14     | Received a gift from Okawaru
 33624 | D:14     | Found Zoykyry's Magic Scroll Shoppe.
 33630 | D:14     | Bought 2 scrolls of fog for 60 gold pieces
 33630 | D:14     | Bought a scroll of teleportation for 45 gold pieces
 33630 | D:14     | Bought a scroll of teleportation for 45 gold pieces
 33630 | D:14     | Bought a scroll of fog for 30 gold pieces
 33630 | D:14     | Bought a scroll of magic mapping for 52 gold pieces
 33630 | D:14     | Bought a scroll of summoning for 142 gold pieces
 33730 | D:14     | Noticed Nergalle
 33780 | D:14     | Killed Nergalle
 34007 | D:15     | Entered Level 15 of the Dungeon
 34058 | D:15     | Noticed Erica
 34073 | D:15     | Killed Erica
 34120 | D:15     | Noticed Louise
 34145 | D:15     | Killed Louise
 34148 | D:15     | Got a warped large shield
 34200 | D:15     | Identified the cursed +2 large shield of the Griffon {Str+2} (You took it off Louise on level 15 of the Dungeon)
 34401 | D:15     | Noticed Roxanne
 34418 | D:15     | Killed Roxanne
 34494 | D:15     | Noticed Agnes
 34505 | D:15     | Killed Agnes
 34611 | D:15     | Found a staircase to the Vaults.
 34684 | D:15     | Reached skill level 10 in Invocations
 35766 | D:16     | Reached skill level 19 in Maces & Flails
 35766 | D:16     | Reached XP level 16. HP: 133/149 MP: 22/26
 35977 | D:17     | Noticed Frances
 35989 | D:17     | Killed Frances
 36008 | D:17     | Noticed Aizul
 36028 | D:17     | Killed Aizul
 36359 | D:17     | Identified a scroll of acquirement
 36361 | D:17     | Got a twisted cloak
 36365 | D:17     | Identified the +3 cloak of a bazaar {rF+} (You acquired it on level 17 of the Dungeon)
 36385 | D:17     | Reached skill level 20 in Maces & Flails
 36908 | D:18     | Noticed Mara
 36951 | D:18     | Noticed Mara
 36951 | D:18     | Noticed Mara
 36960 | D:18     | Killed Mara
 37257 | D:18     | Noticed Mara
 37257 | D:18     | Noticed Mara
 37261 | D:18     | Noticed gump's illusion
 37893 | D:17     | Received a gift from Okawaru
 37929 | D:18     | Noticed gump's illusion
 37942 | D:18     | Killed Mara
 37942 | D:18     | Reached skill level 21 in Maces & Flails
 38773 | D:19     | Found Iriadd's Book Shop.
 38788 | D:19     | Reached XP level 17. HP: 157/157 MP: 27/27
 38844 | D:19     | Found a snail-covered altar of Cheibriados.
 38905 | D:19     | Reached skill level 22 in Maces & Flails
 38997 | D:19     | Received a gift from Okawaru
 39142 | D:19     | Noticed a sphinx
 39156 | D:19     | Killed a sphinx
 39408 | D:19     | Reached skill level 23 in Maces & Flails
 39621 | D:19     | Noticed a frost giant
 39771 | D:19     | Killed a frost giant
 40076 | D:19     | Received a gift from Okawaru
 40761 | D:20     | Entered Level 20 of the Dungeon
 40822 | D:20     | Reached skill level 24 in Maces & Flails
 41132 | D:20     | Got a shimmering whip
 41133 | D:20     | Identified the whip of Fedhas' Favour {slay orc, +Inv rPois rC+} (You found it on level 20 of the Dungeon)
 41454 | D:20     | Reached XP level 18. HP: 156/167 MP: 28/28
 41646 | D:20     | Received a gift from Okawaru
 41975 | D:20     | Reached skill level 25 in Maces & Flails
 42408 | D:20     | Got a smelly plate armour
 42431 | D:20     | Identified the cursed -5 plate armour of Levity {Str+2} (You found it on level 20 of the Dungeon)
 43067 | D:21     | Noticed a sphinx
 43069 | D:21     | Noticed a storm dragon
 43077 | D:21     | Paralysed by a sphinx for 4 turns
 43096 | D:21     | Killed a sphinx
 43119 | D:21     | Killed a storm dragon
 43319 | D:21     | Found a gateway to Hell.
 43423 | D:21     | Noticed Boris
 43574 | D:21     | Killed Boris
 43648 | D:21     | Found a one-way gate leading to the halls of Pandemonium.
 43650 | D:21     | Noticed Margery
 43688 | D:21     | Killed Margery
 43688 | D:21     | Received a gift from Okawaru
 44042 | D:21     | Reached skill level 15 in Armour
 44262 | D:21     | Noticed Wiglaf
 44295 | D:21     | Killed Wiglaf
 44498 | D:21     | Reached XP level 19. HP: 164/174 MP: 27/28
 44583 | D:22     | Found a one-way gate to the infinite horrors of the Abyss.
 45339 | D:22     | Received a gift from Okawaru
 45850 | D:23     | Found a glowing silver altar of Zin.
 46958 | D:24     | Paralysed by an orc sorcerer for 3 turns
 47012 | D:24     | Received a gift from Okawaru
 47023 | D:24     | Got a crystal flail {god gift}
 47024 | D:24     | Identified the flail of Untimely Demise {god gift, drain, rPois rF++ Dex+1} (Okawaru gifted it to you on level 24 of the Dungeon)
 47040 | D:24     | Got a brightly glowing morningstar
 47041 | D:24     | Identified the morningstar of the Present {crush, +Fly Int+3} (You took it off a yaktaur on level 24 of the Dungeon)
 47672 | D:24     | Noticed a shadow dragon
 47718 | D:24     | Killed a shadow dragon
 47814 | D:24     | Hit by a large rock thrown by a stone giant

Action                   |  1- 3 |  4- 6 |  7- 9 | 10-12 | 13-15 | 16-18 | 19-21 || total
-------------------------+-------+-------+-------+-------+-------+-------+-------++-------
Melee: Mace              |   144 |   274 |    76 |  1251 |   357 |       |       ||  2102
       Whip              |       |       |   503 |       |       |   886 |  1122 ||  2511
       Great mace        |       |       |       |       |   102 |    21 |       ||   123
       Morningstar       |       |       |       |       |  1531 |   770 |       ||  2301
Invok: Heroism           |       |       |       |     5 |    21 |    13 |     3 ||    42
       Finesse           |       |       |       |       |     3 |    10 |     2 ||    15
Evoke: Wand              |       |       |    14 |    13 |    10 |    17 |     5 ||    59
  Use: Potion            |       |     6 |     3 |    18 |    11 |     7 |     1 ||    46
       Scroll            |       |     1 |     9 |    22 |    28 |    11 |     1 ||    72
 Stab: Confused          |       |       |       |       |       |     3 |       ||     3
       Fleeing           |       |       |       |       |       |       |     1 ||     1
